 Dungeon Crawl Stone Soup version 0.28-a0-95-g65e1ffefe4 (webtiles) character file.

Game seed: 2580587315910665255

1640 Gargoyl the Skirmisher (level 8, -4/67 HPs)
             Began as a Gnoll Abyssal Knight on Aug 8, 2021.
             Was a Believer of Lugonu.
             Killed from afar by a steam dragon (15 damage)
             ... with a ball of steam
             ... on level 7 of the Dungeon.
             The game lasted 00:08:44 (7597 turns).

Gargoyl the Skirmisher (Gnoll Abyssal Knight)       Turns: 7597, Time: 00:08:44

Health: -4/67      AC: 11    Str: 19    XL:     8   Next: 99%
Magic:  13/13      EV:  8    Int: 18    God:    Lugonu [**....]
Gold:   311        SH:  0    Dex:  9    Spells: 14/14 levels left

rFire   . . .      SeeInvis .   l - +8 long sword of Bodily Humours {flame, rElec rC+ Dex-3}
rCold   + . .      Faith    .   (no shield)
rNeg    . . .      Spirit   .   c - +0 chain mail
rPois   .          Reflect  .   (no helmet)
rElec   +          Harm     .   (no cloak)
rCorr   .          Rampage  .   (no gloves)
Will    .....                   s - +0 pair of boots
Stlth   ..........              (no amulet)
HPRegen 0.21/turn               i - +6 ring of strength
MPRegen 0.13/turn               g - +6 ring of intelligence

@: no status effects
A: fangs 1, strong nose, distributed training
a: Renounce Religion, Depart the Abyss, Bend Space


You were on level 7 of the Dungeon.
You worshipped Lugonu.
Lugonu was pleased with you.
You visited 1 branch of the dungeon, and saw 7 of its levels.
You visited the Abyss 1 time.

You collected 311 gold pieces.

Inventory:

Hand Weapons
 a - a +2 hand axe
 l - the +8 long sword of Bodily Humours (weapon) {flame, rElec rC+ Dex-3}
   (You found it on level 4 of the Dungeon)

   It burns those it strikes, dealing additional fire damage.
   Big, fiery blades are also staple armaments of hydra-hunters.
   Dex:       It affects your dexterity (-3).
   rC:        It protects you from cold.
   rElec:     It insulates you from electricity.
 n - a +1 war axe
Missiles
 j - 43 poisoned darts (quivered)
Armour
 c - a +0 chain mail (worn)
 s - a +0 pair of boots (worn)
Jewellery
 g - a +6 ring of intelligence (right hand)
 i - a +6 ring of strength (left hand)
Wands
 d - a wand of iceblast (8)
 h - a wand of acid (9)
 p - a wand of mindburst (18)
 q - a wand of digging (6)
Potions
 e - 2 potions of lignification
 f - 3 potions of haste
 k - a potion of resistance
 m - 4 potions of curing {unknown}


   Skills:
 + Level 7.6 Fighting
 + Level 3.7 Short Blades
 + Level 3.7 Long Blades
 + Level 6.0 Axes
 + Level 3.7 Maces & Flails
 + Level 3.7 Polearms
 + Level 3.7 Staves
 + Level 3.7 Slings
 + Level 3.7 Bows
 + Level 3.7 Crossbows
 + Level 3.7 Throwing
 + Level 6.0 Armour
 + Level 4.6 Dodging
 + Level 3.7 Stealth
 + Level 3.7 Shields
 + Level 3.7 Unarmed Combat
 + Level 3.7 Spellcasting
 + Level 3.1 Conjurations
 + Level 3.1 Hexes
 + Level 3.1 Summonings
 + Level 3.1 Necromancy
 + Level 3.1 Translocations
 + Level 3.1 Transmutations
 + Level 3.1 Fire Magic
 + Level 3.1 Ice Magic
 + Level 3.1 Air Magic
 + Level 3.1 Earth Magic
 + Level 3.1 Poison Magic
 + Level 6.2 Invocations
 + Level 3.7 Evocations


You had 14 spell levels left.
You didn't know any spells.
Your spell library contained the following spells:

 Spells                   Type           Power      Damage    Failure   Level
 Animate Skeleton         Necr           28%        N/A       38%         1
 Magic Dart               Conj           56%        1d5       38%         1
 Sandblast                Erth           28%        2d8       38%         1
 Summon Small Mammal      Summ           56%        N/A       38%         1
 Ensorcelled Hibernation  Hex/Ice        28%        N/A       54%         2
 Passwall                 Tmut/Erth      11%        N/A       54%         2
 Searing Ray              Conj           28%        3d4       54%         2
 Call Canine Familiar     Summ           14%        N/A       77%         3
 Spider Form              Tmut/Pois      7%         N/A       77%         3
 Summon Guardian Golem    Hex/Summ       14%        N/A       77%         3
 Fulminant Prism          Conj/Hex       7%         3d7       99%         4
 Lee's Rapid Deconstruct  Erth           7%         3d7*      100%        5
 Shadow Creatures         Summ           N/A        N/A       100%        6


Dungeon Overview and Level Annotations

Branches:
Dungeon (7/15)             Temple (0/1) D:4

Altars:
Sif Muna
Yredelemnul

Shops:
D:3 =   D:5 [   D:6 *[

Annotations:
D:3 1 runed translucent door


Innate Abilities, Weirdness & Mutations

You have very sharp teeth.
Your uncanny sense of smell can sniff out nearby items.
Your experience applies equally to all skills.


Message History

The bullfrog skeleton hits you but does no damage.
Your Axes skill increases to level 6!
Your Armour skill increases to level 6!
You hit the bullfrog skeleton. You burn the bullfrog skeleton.
The bullfrog skeleton is heavily damaged.
The steam dragon bites you.
The steam dragon claws you but does no damage.
A centaur warrior zombie comes into view.
The bullfrog skeleton closely misses you.
Something hits you but does no damage.
You slash the bullfrog skeleton! You burn the bullfrog skeleton.
You destroy the bullfrog skeleton!
Lugonu accepts your kill. The steam dragon bites you.
The steam dragon claws you but does no damage.
Something hits you but does no damage.
The steam dragon bites you but does no damage.
The steam dragon claws you but does no damage.
You slash the steam dragon! You burn the steam dragon.
The steam dragon is heavily wounded.
Something hits you. Something shocks you. You resist.
* * * LOW HITPOINT WARNING * * *
The steam dragon breathes steam at you. The ball of steam hits you!
* * * LOW HITPOINT WARNING * * *
Okay, then.
Okay, then.
Unknown command.
Blink to where?
Press: ? - help, Dir - move target
As you read the scroll of blinking, it crumbles to dust.
As you read the scroll of teleportation, it crumbles to dust.
You feel strangely unstable.
Your surroundings suddenly seem different.
You start resting.
A steam dragon is nearby!
Okay, then.
The steam dragon hisses angrily.
The steam dragon breathes steam at you. The ball of steam hits you!
You die...

#..)#.#)
......#...
#......#.##
## # ##
#......##..
...#...
#.......+..
...#.
#.....###..
...
.$.#.......
#.####..D.#
#.#####
#.@§§.....#
#######...#
∆ . ∆


There were no monsters in sight!

Vanquished Creatures
  Grinder (D:5)
  Menkaure (D:5)
  A water moccasin (D:6)
  The ghost of rayg00n the Grasshopper, an amateur SpWr (D:3)
  A black bear (D:4)
  An ice beast (D:6)
  A centaur (D:7)
  A phantom (D:4)
  A kobold brigand (D:7)
  A bullfrog (D:3)
  3 wights (D:7)
  A howler monkey (D:7)
  A jelly (D:2)
  2 hounds
  An orc priest (D:3)
  A bullfrog skeleton (D:7)
  An iron imp (Abyss:1)
  Jessica (D:3)
  Ijyb (D:3)
  An iguana (D:6)
  2 orc wizards
  A hound skeleton (D:5)
  A river rat (D:3)
  6 adders
  A white imp (D:7)
  3 ufetubi
  A worm (D:2)
  A dart slug (D:1)
  14 orcs
  4 ball pythons
  6 endoplasms
  4 giant cockroaches
  4 goblins
  7 hobgoblins
  5 jackals (D:4)
  A quokka (D:4)
  4 bats
  A frilled lizard (D:1)
  12 kobolds
  4 rats
105 creatures vanquished.

Vanquished Creatures (others)
  A bullfrog (D:7)
1 creature vanquished.

Grand Total: 106 creatures vanquished

Notes
Turn   | Place    | Note
-------+----------+-------------------------------------------
     0 | Abyss:1  | Gargoyl the Gnoll Abyssal Knight began the quest for the
                  | Orb.
     0 | Abyss:1  | Reached XP level 1. HP: 23/23 MP: 3/3
    50 | Abyss:1  | Noticed an iron imp
    56 | Abyss:1  | Killed an iron imp
    57 | Abyss:1  | Reached XP level 2. HP: 22/29 MP: 5/5
    57 | Abyss:1  | Reached XP level 3. HP: 27/35 MP: 6/6
   192 | Abyss:1  | Noticed a starcursed mass
   193 | Abyss:1  | Noticed a thrashing horror
   194 | D:1      | Escaped the Abyss
   301 | D:1      | Found a faded altar of an unknown god.
   328 | D:1      | Got Plato's Almanac of Black Magic
   585 | D:1      | Reached * piety under Lugonu
  1144 | D:2      | Reached skill level 1 in Short Blades
  1144 | D:2      | Reached skill level 1 in Long Blades
  1144 | D:2      | Reached skill level 1 in Maces & Flails
  1144 | D:2      | Reached skill level 1 in Polearms
  1144 | D:2      | Reached skill level 1 in Staves
  1144 | D:2      | Reached skill level 1 in Slings
  1144 | D:2      | Reached skill level 1 in Bows
  1144 | D:2      | Reached skill level 1 in Crossbows
  1144 | D:2      | Reached skill level 1 in Throwing
  1144 | D:2      | Reached skill level 1 in Stealth
  1144 | D:2      | Reached skill level 1 in Shields
  1144 | D:2      | Reached skill level 1 in Unarmed Combat
  1144 | D:2      | Reached skill level 1 in Spellcasting
  1144 | D:2      | Reached skill level 1 in Evocations
  1538 | D:2      | Reached XP level 4. HP: 23/41 MP: 7/7
  1804 | D:2      | Found a basalt altar of Yredelemnul.
  2055 | D:3      | Found Nastrekli's Jewellery Emporium.
  2069 | D:3      | Noticed Ijyb
  2096 | D:3      | Killed Ijyb
  2097 | D:3      | Reached skill level 1 in Conjurations
  2097 | D:3      | Reached skill level 1 in Hexes
  2097 | D:3      | Reached skill level 1 in Summonings
  2097 | D:3      | Reached skill level 1 in Necromancy
  2097 | D:3      | Reached skill level 1 in Translocations
  2097 | D:3      | Reached skill level 1 in Transmutations
  2097 | D:3      | Reached skill level 1 in Fire Magic
  2097 | D:3      | Reached skill level 1 in Ice Magic
  2097 | D:3      | Reached skill level 1 in Air Magic
  2097 | D:3      | Reached skill level 1 in Earth Magic
  2097 | D:3      | Reached skill level 1 in Poison Magic
  2134 | D:3      | Reached XP level 5. HP: 37/47 MP: 8/8
  2505 | D:3      | Found a runed translucent door.
  2506 | D:3      | Noticed rayg00n's ghost (amateur SpWr)
  2528 | D:3      | Found a runed translucent door.
  2765 | D:3      | Noticed Jessica
  2769 | D:3      | Killed Jessica
  2846 | D:3      | Found a shimmering blue altar of Sif Muna.
  2945 | D:3      | Reached skill level 5 in Invocations
  2945 | D:3      | Reached XP level 6. HP: 34/53 MP: 9/9
  3003 | D:4      | Reached ** piety under Lugonu
  3007 | D:4      | Reached skill level 5 in Axes
  3007 | D:4      | Reached skill level 5 in Armour
  3169 | D:3      | Killed rayg00n's ghost
  3956 | D:2      | Reached XP level 7. HP: 43/59 MP: 10/10
  4271 | D:4      | Reached skill level 7 in Fighting
  5051 | D:4      | Found a staircase to the Ecumenical Temple.
  5060 | D:4      | Identified the +8 long sword of Bodily Humours {flame,
                  | rElec rC+ Dex-3}
  5136 | D:4      | Identified the +2 robe of Joepp {rPois rF+ Str-3 Slay+5}
  5200 | D:5      | Entered Level 5 of the Dungeon
  5310 | D:5      | Noticed Grinder
  5316 | D:5      | Paralysed by Grinder for 4 turns
  5329 | D:5      | Killed Grinder
  5446 | D:5      | Noticed Menkaure
  5460 | D:5      | Killed Menkaure
  5461 | D:5      | Reached XP level 8. HP: 53/67 MP: 12/12
  5831 | D:5      | Found Oxoicab's Armour Shoppe.
  6301 | D:6      | Found Pualael's Gadget Gallery.
  6862 | D:6      | Found Ufraady Acve's Antique Armour Emporium.
  7560 | D:7      | HP: 3/67 [steam dragon/ball of steam (17)]
  7597 | D:7      | Killed from afar by a steam dragon

Illustrated notes

Levels and vault maps discovered:
D:1:      dpeg_arrival_ternary, layout_loops_ring,
          shapermc_ecumenical_altar_rom_forum
D:2:      layout_loops_corners, basic_altar
D:3:      layout_loops_ring, tgw_sif, serial_shops, nicolae_shop_stone,
          ebering_ghost_sewer_f, kennysheep_pointless_box, item_on_display_a,
          uniq_ijyb
D:4:      layout_basic, minmay_temple_entry_offerings, grunt_decor_arrowhead
D:5:      layout_basic, serial_shops, shop, uniq_menkaure, uniq_grinder
D:6:      layout_cave_pods, serial_shops, nicolae_square_shop,
          nicolae_shop_gadgets
D:7:      layout_basic

Skill      XL: |  1  2  3  4  5  6  7  8 |
---------------+-------------------------+-----
Short Blades   | 1 2 3 |  3.7
Long Blades    | 1 2 3 |  3.7
Maces & Flails | 1 2 3 |  3.7
Polearms       | 1 2 3 |  3.7
Staves         | 1 2 3 |  3.7
Slings         | 1 2 3 |  3.7
Bows           | 1 2 3 |  3.7
Crossbows      | 1 2 3 |  3.7
Throwing       | 1 2 3 |  3.7
Stealth        | 1 2 3 |  3.7
Shields        | 1 2 3 |  3.7
Unarmed Combat | 1 2 3 |  3.7
Spellcasting   | 1 2 3 |  3.7
Evocations     | 1 2 3 |  3.7
Conjurations   | 1 2 3 |  3.1
Hexes          | 1 2 3 |  3.1
Summonings     | 1 2 3 |  3.1
Necromancy     | 1 2 3 |  3.1
Translocations | 1 2 3 |  3.1
Transmutations | 1 2 3 |  3.1
Fire Magic     | 1 2 3 |  3.1
Ice Magic      | 1 2 3 |  3.1
Air Magic      | 1 2 3 |  3.1
Earth Magic    | 1 2 3 |  3.1
Poison Magic   | 1 2 3 |  3.1
Dodging        | 3 4 |  4.6
Invocations    | 5 6 |  6.2
Axes           | 5 6 |  6.0
Armour         | 5 6 |  6.0
Fighting       | 7 |  7.6

Action                   |  1- 3 |  4- 6 |  7- 9 || total
-------------------------+-------+-------+-------++-------
Melee: Hand axe          |    67 |   174 |    55 ||   296
       Bite              |     4 |    18 |     8 ||    30
       Long sword        |       |       |    83 ||    83
       Punch             |       |       |     1 ||     1
Throw: Dart              |       |     3 |    10 ||    13
Invok: Depart the Abyss  |     1 |       |       ||     1
Evoke: Wand              |       |     2 |     1 ||     3
  Use: Scroll            |     3 |     3 |    10 ||    16
       Potion            |       |     2 |     4 ||     6
 Stab: Sleeping          |     1 |     1 |       ||     2
Armor: Leather armour    |     8 |     3 |       ||    11
       Chain mail        |       |    95 |   107 ||   202
       Skin              |       |       |    14 ||    14
Dodge: Dodged            |    36 |    62 |    72 ||   170
       Rpst.: Long sword |       |       |    12 ||    12

Table legend: (Time is in decaauts)
 A = Elapsed time spent in this place.
 B = Non-inter-level travel time spent in this place.
 C = Inter-level travel time spent in this place.
 D = Time resting spent in this place.
 E = Time spent auto-exploring this place.
 F = Levels seen in this place.
 G = Mean time per level.
                   A        B        C        D        E       F      G
               +--------+--------+--------+--------+--------+-----+--------+
         Total |   7626 |   7335 |    291 |    485 |   5711 |   8 |  953.2 |
       Dungeon |   7431 |   7140 |    291 |    485 |   5571 |   7 | 1061.6 |
         Abyss |    194 |    194 |      0 |      0 |    140 |   1 |  194.0 |
               +--------+--------+--------+--------+--------+-----+--------+

Top non-repeatable levels by time:
     D:2: 1502 daAuts
     D:3: 1316 daAuts
     D:4: 1133 daAuts
     D:6: 1117 daAuts
     D:1: 1065 daAuts
     D:5: 872 daAuts
     D:7: 424 daAuts
 Abyss:1: 194 daAuts
